Map: Jagannatha LE

Players

Bly

  • Race: Zerg Zerg

goblin - Winner!

  • Race: Protoss Protoss

Event: DreamHack SC2 Masters 2021 Fall

VOD

Have the link to the VOD?

Description

Time

  • Played on: Aug. 7, 2021, 10:32 a.m.
  • Length: 9:47

All games in this series

Show
View Real Time Build Order
Export as new Build Order

Bly Zerg 

Build Orders: Hatch First 

Get SALT Encoding   

  12  0:00  Drone  
  13  0:12  Overlord  
  13  0:16  Drone  
  14  0:31  Drone x2  
  16  0:48  Hatchery  
  15  0:53  Drone  
  15  0:56  Drone  
  17  0:59  Drone  
  18  1:10  Extractor  
  17  1:14  Spawning Pool  
  17  1:17  Drone  
  17  1:20  Drone  
  18  1:28  Drone  
  19  1:39  Drone  
  20  1:50  Overlord  
  20  2:02  Queen x2, Zergling x2  
  20  2:03  Zergling x2  
  26  2:11  Drone  
  26  2:12  Metabolic Boost, Drone  
  28  2:24  Drone x2  
  30  2:35  Hatchery  
  29  2:38  Drone  
  29  2:43  Drone x2  
  32  2:51  Drone  
  32  2:55  Overlord  
  32  2:57  Overlord  
  32  3:10  Drone x2  
  33  3:13  Queen  
  33  3:14  Drone x4  
  33  3:17  Zergling x4  
  41  3:25  Zergling x4  
  43  3:28  Queen  
  43  3:32  Overlord  
  45  3:36  Drone  
  46  3:44  Drone x5  
  46  3:46  Spore Crawler  
  50  3:53  Overlord  
  50  3:57  Overlord  
  50  4:00  Spore Crawler  
  50  4:01  Queen, Drone  
  52  4:12  Drone x6  
  58  4:20  Drone  
  58  4:21  Drone  
  58  4:22  Overlord  
  58  4:23  Drone x3  
  58  4:24  Spore Crawler  
  62  4:29  Overlord  
  61  4:47  Drone x12  
  73  4:58  Overlord  
  75  5:05  Drone x6, Hatchery  
  77  5:07  Lair, Queen  
  77  5:10  Extractor x2  
  76  5:19  Queen  
  78  5:24  Drone  
  78  5:25  Drone x3  
  81  5:29  Drone x3  
  81  5:31  Drone x2  
  81  5:32  Extractor x2  
  84  5:37  Extractor  
  83  5:43  Queen  
  83  5:49  Drone x5  
  90  5:54  Hatchery  
  90  5:55  Roach Warren, Evolution Chamber  
  87  6:05  Spore Crawler  
  87  6:07  Spire  
  87  6:08  Overseer  
  85  6:17  Drone x10  
  95  6:19  Overlord  
  95  6:24  Overlord x2  
  94  6:31  Extractor  
  94  6:32  Extractor  
  92  6:37  Drone x9  
  92  6:38  Drone  
  92  6:39  Spore Crawler  
  101  6:42  Infestation Pit  
  100  7:09  Zerg Melee Weapons Level 1, Glial Reconstitution, Overlord  
  100  7:12  Overlord x5  
  100  7:19  Mutalisk x10  
  120  7:25  Spine Crawler x3  
  120  7:26  Spine Crawler  
  120  7:27  Spine Crawler  
  120  7:28  Roach x9  
  120  7:29  Spine Crawler  
  132  7:35  Drone x3  
  135  7:47  Baneling Nest  
  135  7:48  Roach x10  
  135  7:51  Baneling Nest  
  154  8:01  Zergling x22  
  165  8:06  Extractor  
  165  8:07  Extractor  
  163  8:13  Ravager x2  
  163  8:14  Ravager  
  158  8:23  Roach x10  
  148  8:32  Roach x7  
  144  8:39  Roach x6  
  139  8:44  Ravager x2  
  139  8:47  Roach x5  
  125  8:58  Roach x5  
  125  9:00  Ravager x4  
  117  9:13  Roach x5  
  123  9:20  Roach  
  123  9:21  Roach  
Show
View Real Time Build Order
Export as new Build Order

goblin Protoss - Winner!

Build Orders: 1 Gate Expand, Oracle Opening, Zealot Archon 

Get SALT Encoding   

  12  0:00  Probe  
  13  0:12  Probe  
  14  0:19  Pylon  
  14  0:24  Probe  
  15  0:37  Probe (Chrono Boost)  
  15  0:38  Gateway  
  16  0:46  Probe (Chrono Boost)  
  16  0:47  Assimilator  
  17  0:52  Probe  
  19  1:04  Probe  
  19  1:21  Nexus  
  19  1:24  Probe  
  20  1:35  Cybernetics Core  
  20  1:38  Probe  
  21  1:43  Assimilator  
  21  1:50  Probe  
  22  1:55  Pylon  
  22  2:02  Probe (Chrono Boost)  
  23  2:14  Stalker (Chrono Boost), Probe (Chrono Boost)  
  26  2:21  Stargate  
  26  2:22  Probe (Chrono Boost)  
  27  2:33  Warp Gate, Probe (Chrono Boost)  
  27  2:35  Probe (Chrono Boost)  
  27  2:36  Adept (Chrono Boost)  
  33  2:44  Probe (Chrono Boost)  
  33  2:46  Probe (Chrono Boost)  
  33  2:49  Probe (Chrono Boost)  
  33  2:54  Probe  
  35  3:01  Probe  
  35  3:04  Void Ray (Chrono Boost)  
  36  3:06  Probe  
  41  3:13  Probe  
  41  3:18  Pylon, Probe  
  43  3:26  Probe  
  44  3:30  Probe  
  45  3:36  Nexus  
  45  3:38  Probe  
  46  3:42  Probe  
  46  3:44  Oracle  
  50  3:50  Gateway  
  50  3:54  Probe  
  50  3:55  Pylon  
  51  3:59  Probe  
  51  4:01  Assimilator  
  52  4:03  Assimilator  
  52  4:06  Probe  
  53  4:11  Probe  
  53  4:12  Stargate  
  54  4:17  Pylon  
  54  4:18  Probe  
  54  4:23  Probe  
  56  4:29  Shield Battery  
  56  4:31  Probe  
  56  4:34  Forge  
  56  4:35  Protoss Air Weapons Level 1, Probe  
  56  4:37  Void Ray  
  58  4:45  Probe (Chrono Boost)  
  63  4:48  Probe (Chrono Boost)  
  63  4:49  Void Ray, Probe (Chrono Boost)  
  65  4:57  Probe (Chrono Boost)  
  65  4:59  Probe x2 (Chrono Boost)  
  72  5:02  Probe (Chrono Boost)  
  72  5:03  Probe (Chrono Boost)  
  72  5:05  Probe (Chrono Boost)  
  74  5:09  Protoss Ground Weapons Level 1  
  74  5:11  Probe  
  74  5:13  Assimilator  
  76  5:14  Pylon, Probe  
  76  5:16  Assimilator, Probe (Chrono Boost)  
  76  5:18  Void Ray  
  77  5:28  Probe x2 (Chrono Boost)  
  84  5:32  Probe (Chrono Boost)  
  84  5:35  Twilight Council  
  85  5:36  Probe (Chrono Boost)  
  85  5:38  Pylon, Robotics Facility, Probe (Chrono Boost)  
  85  5:40  Probe (Chrono Boost)  
  87  5:44  Probe  
  87  5:47  Probe  
  89  5:52  Probe  
  90  5:57  Pylon  
  90  6:02  Gateway  
  90  6:03  Gateway  
  90  6:04  Gateway x2  
  90  6:09  Void Ray  
  90  6:11  Charge, Void Ray  
  90  6:15  Templar Archives  
  98  6:24  Immortal (Chrono Boost)  
  98  6:31  Gateway  
  102  6:33  Gateway  
  102  6:35  Gateway  
  102  6:36  Gateway  
  102  6:38  Pylon  
  102  6:50  Pylon  
  102  6:52  Zealot x2  
  106  6:55  Warp Prism (Chrono Boost)  
  108  7:03  High Templar x3  
  108  7:04  High Templar  
  108  7:08  Pylon x2  
  116  7:09  Pylon  
  116  7:10  Archon  
  116  7:11  Archon  
  116  7:14  Zealot x2  
  120  7:17  Photon Cannon  
  120  7:19  Photon Cannon  
  120  7:22  Observer  
  120  7:24  Psionic Storm  
  121  7:34  High Templar x2, Zealot  
  121  7:35  Zealot x6  
  139  7:39  Archon  
  139  7:41  Pylon x2  
  139  7:43  High Templar  
  141  7:52  Pylon  
  141  7:56  High Templar, Zealot x3  
  149  8:00  Pylon, Zealot x2  
  149  8:01  Zealot, Archon  
  149  8:02  Pylon  
  149  8:04  Zealot x3  
  155  8:14  Stalker x2  
  152  8:26  Zealot x3  
  152  8:27  Zealot x3  
  135  8:30  Stalker x2  
  135  8:32  Phoenix x2 (Chrono Boost)  
  126  8:45  High Templar x2  
  126  8:50  Archon  
  120  8:58  Stalker  
  120  8:59  Stalker x3  
  126  9:04  Stalker x2  
  127  9:21  Stalker  
  127  9:22  Stalker, Zealot x3  
  121  9:33  Probe  
  121  9:34  Probe x2  
  121  9:37  Stalker  

Tags
 
Add a new tag
Caveats
  • Supply blocks, unpowered buildings, or Contaminate may cause inaccurate times.
  • Supply counts are checked every 10 seconds.